 Dungeon Crawl Stone Soup version 0.20-a0-1122-gb7cbeb9 (webtiles) character file.

35772 Engwar the Carver (level 13, -6/117 HPs)
             Began as a White Draconian Monk on May 14, 2017.
             Was the Champion of Okawaru.
             Mangled by a seven-headed hydra (9 damage)
             ... while paralysed
             ... on level 5 of the Lair of Beasts on May 15, 2017.
             The game lasted 01:35:21 (17513 turns).

Engwar the Carver (White Draconian Monk)           Turns: 17513, Time: 01:35:21

Health: -6/117     AC: 18    Str: 14    XL:     13   Next: 49%
Magic:  20/22      EV:  2    Int: 18    God:    Okawaru [******]
Gold:   1010       SH:  0    Dex: 12    Spells: 6/25 levels left

rFire    + . .     SeeInvis .   a - +9 falchion of Eternal Vigilance {slice, +Blink rF- rC+++ Dex-2}
rCold    + + +     Gourm    .   y - +2 buckler {rN+}
rNeg     + + .     Faith    .   (armour unavailable)
rPois    .         Spirit   .   u - +2 hat
rElec    .         Reflect  .   (no cloak)
rCorr    .         Harm     .   (no gloves)
MR       .....                  E - +1 pair of boots "Ozxof" {rF++ rC+ Regen+}
Stlth    ++........             i - amulet of regeneration
Regen    1.1/turn               k - +3 ring of intelligence
MPRegen  0.2/turn               D - ring of positive energy

@: paralysed, icy armour, very slightly contaminated, slowed, slow
A: breathe frost, unfitting armour, stinger 1, cold resistance 1, cold-blooded,
AC +8
a: Breathe Frost, Heroism, Finesse, Renounce Religion, Evoke Blink


You were on level 5 of the Lair of Beasts.
You worshipped Okawaru.
Okawaru was exalted by your worship.
You were full.

You visited 3 branches of the dungeon, and saw 16 of its levels.
You also visited: Labyrinth.

You collected 1010 gold pieces.

Inventory:

Hand Weapons
 a - the +9 falchion of Eternal Vigilance (weapon) {slice, +Blink rF- rC+++ Dex-2}
   (You found it on level 7 of the Dungeon)

   It inflicts extra damage upon your enemies.
   It affects your dexterity (-2).
   It makes you vulnerable to fire.
   It renders you almost immune to cold.
   It lets you blink.
Armour
 c - a +1 pair of boots of flying
 u - a +2 hat (worn)
 y - a +2 buckler of positive energy (worn)
 E - the +1 pair of boots "Ozxof" (worn) {rF++ rC+ Regen+}
   (Okawaru gifted it to you on level 3 of the Lair of Beasts)

   It greatly protects you from fire.
   It protects you from cold.
   It increases your rate of regeneration.
Magical Staves
 T - an uncursed staff of air
Jewellery
 i - an amulet of regeneration (around neck)
 k - a +3 ring of intelligence (left hand)
 D - a ring of positive energy (right hand)
 I - an uncursed ring of resist corrosion
Wands
 x - a wand of disintegration (4/24)
 F - a wand of flame (40/48)
 K - a wand of scattershot (4/9)
 P - a wand of confusion (17/48)
 R - a wand of iceblast (7/15)
 U - a wand of acid (3/15)
Scrolls
 e - a scroll of holy word
 j - 3 scrolls of summoning
 n - a scroll of teleportation
 o - 7 scrolls of fog
 s - 2 scrolls of fear
 C - a scroll of enchant weapon
 L - 2 scrolls of amnesia
 Q - 3 scrolls of remove curse
Potions
 d - 2 potions of flight
 f - 3 potions of lignification
 g - 2 potions of resistance
 h - 2 potions of agility
 m - a potion of might
 q - 2 potions of brilliance
 r - 5 potions of haste
 B - 2 potions of curing
 G - a potion of heal wounds
Books
 l - a book of Battle

   Spells                             Type                      Level
   a - Infusion                       Charms                       1
   b - Shroud of Golubria             Charms/Translocation         2
   c - Song of Slaying                Charms                       2
   d - Spectral Weapon                Hexes/Charms                 3
   e - Regeneration                   Charms/Necromancy            3
 O - a book of Power

   Spells                             Type                      Level
   a - Iskenderun's Battlesphere      Conjuration/Charms           5
   b - Venom Bolt                     Conjuration/Poison           5
   c - Bolt of Magma                  Conjuration/Fire/Earth       5
   d - Iron Shot                      Conjuration/Earth            6
   e - Orb of Destruction             Conjuration                  7
   f - Spellforged Servitor           Conjuration/Summoning        7
 W - the Collected Works on Feathery Attacks
   (You found it in a labyrinth)

   Spells                             Type                      Level
   a - Magic Dart                     Conjuration                  1
   b - Sting                          Conjuration/Poison           1
   c - Mephitic Cloud                 Conjuration/Poison/Air       3
   d - Sticky Flame                   Conjuration/Fire             4
   e - Bolt of Magma                  Conjuration/Fire/Earth       5
   f - Freezing Cloud                 Conjuration/Ice/Air          6
 Y - a book of Ice

   Spells                             Type                      Level
   a - Ice Form                       Ice/Transmutation            4
   b - Metabolic Englaciation         Hexes/Ice                    5
   c - Ozocubu's Refrigeration        Ice                          6
   d - Bolt of Cold                   Conjuration/Ice              6
   e - Freezing Cloud                 Conjuration/Ice/Air          6
   f - Simulacrum                     Ice/Necromancy               6
Comestibles
 v - 4 meat rations
 z - 13 bread rations
 H - 4 chunks of flesh
 N - 23 fruits


   Skills:
 + Level 11.8 Fighting
 - Level 14.0 Long Blades
 + Level 5.5 Dodging
 - Level 2.7 Stealth
 - Level 4.4 Shields
 + Level 6.5 Spellcasting
 + Level 5.3 Conjurations
 - Level 3.2 Charms
 + Level 7.3 Ice Magic
 - Level 1.3 Air Magic
 - Level 6.5 Invocations
 - Level 4.2 Evocations


You had 6 spell levels left.
You knew the following spells:

 Your Spells              Type           Power        Failure   Level  Hunger
a - Magic Dart            Conj           ###.         1%          1    None
b - Blink                 Tloc           N/A          17%         2    None
c - Conjure Flame         Conj/Fire      ###.....     12%         3    ##.....
d - Mephitic Cloud        Conj/Pois/Air  ##......     14%         3    ##.....
e - Ozocubu's Armour      Chrm/Ice       ###.....     3%          3    ##.....
f - Throw Icicle          Conj/Ice       ####....     9%          4    ####...
g - Regeneration          Chrm/Necr      ##........   17%         3    ##.....


Dungeon Overview and Level Annotations

Branches:
Dungeon (9/15)             Temple (1/1) D:4            Lair (6/6) D:9
  Swamp (0/4) Lair:3        Snake (0/4) Lair:2        Slime (0/5) Lair:5
    Orc: D:9-12

Altars:
Ashenzari
Cheibriados
Dithmenos
Elyvilon
Fedhas
Gozag
Hepliaklqana
Kikubaaqudgha
Makhleb
Nemelex Xobeh
Okawaru
Qazlal
Ru
Sif Muna
Trog
Uskayaw
Vehumet
Wu Jian
Xom
Yredelemnul
Zin
The Shining One
Beogh
Jiyva

Annotations:
D:9 Erolcha
Lair:5 exclusion: 4 oklob plants


Innate Abilities, Weirdness & Mutations

You can breathe waves of freezing cold.
You can buffet flying creatures when you breathe cold.
Your icy white scales are hard. (AC +8)
You cannot fit into any form of body armour.
Your flesh is cold resistant. (rC+)
You are cold-blooded and may be slowed by cold attacks.
Your tail ends in a poisonous barb.


Message History

The seven-headed hydra bites you.
* * * LOW HITPOINT WARNING * * *
The seven-headed hydra closely misses you.
The seven-headed hydra bites you.
* * * LOW HITPOINT WARNING * * *
The seven-headed hydra bites you.
* * * LOW HITPOINT WARNING * * *
The seven-headed hydra closely misses you.
The seven-headed hydra bites you but does no damage.
Unknown command.
You see here a spiny frog corpse.
You feel a strong urge to attack something.
You feel your anger subside.
You are no longer berserk.
You pass out from exhaustion.
You feel yourself slow down. The seven-headed hydra bites you!
* * * LOW HITPOINT WARNING * * *
The seven-headed hydra bites you but does no damage.
The seven-headed hydra bites you!
You die...

##....###...#..........
#......................
#......................
#.................P....
#P....>................
##..#.†......##.....#..
##...........##........
###.....D.....#.#........
#.......@....##..#.......
##......................#
#.......................
#..................P.#.P
#...........##....###...
##...........##...P##P..
###P.........###....P##P.#
#.............##.....##P.#
##..........###......###.#


You could see a seven-headed hydra.

Vanquished Creatures
  A dire elephant (Lair:4)
  A minotaur (Lab)
  3 hydras
  A two-headed ogre (D:8)
  A queen ant (Lair:3)
  4 death yaks
  Pikel (D:4)
  7 elephants (Lair:4)
  5 black mambas
  7 spiny frogs
  6 komodo dragons
  A rime drake (Lair:4)
  2 polar bears
  5 hippogriffs
  Prince Ribbit (D:6)
  14 blink frogs
  The ghost of Kriby the Stinger, an amateur OpWz (D:4)
  Sigmund (D:5)
  2 redbacks (Lab)
  18 yaks
  4 hungry ghosts (Lab)
  A basilisk (Lair:4)
  3 wargs (D:8)
  2 nagas (Lair:2)
  20 soldier ants
  6 porcupines
  10 water moccasins
  8 orc warriors
  An eye of draining (D:8)
  4 ice beasts
  A sky beast (D:6)
  A black bear (D:8)
  The ghost of Engwar the Skirmisher, an amateur DrMo of Kikubaaqudgha (D:3)
  A phantom (D:7)
  3 slaves (D:4)
  2 centaurs (D:9)
  12 wolves
  5 ogres
  14 crocodiles
  2 big kobolds (D:7)
  10 bullfrogs
  A gnoll sergeant (D:7)
  3 scorpions
  7 killer bees
  5 wights (D:7)
  2 howler monkeys
  A crimson imp (D:5)
  2 jellies
  4 hounds
  Crazy Yiuf (D:4)
  10 orc priests
  7 orc wizards
  2 centaur skeletons
  An iguana (D:4)
  31 worker ants
  2 hound skeletons
  8 gnolls
  12 adders
  5 shadow imps
  2 adder skeletons
  6 leopard geckos
  53 orcs
  5 giant cockroaches
  5 goblins
  5 hobgoblins
  9 jackals
  16 kobolds
  4 quokkas
  A ball python (D:6)
  5 bats
  6 frilled lizards
  A leopard gecko zombie (D:8)
  10 rats
425 creatures vanquished.

Vanquished Creatures (collateral kills)
  A water moccasin (Lair:2)
1 creature vanquished.

Vanquished Creatures (others)
  14 fungi
  12 plants
26 creatures vanquished.

Grand Total: 452 creatures vanquished

Notes
Turn   | Place    | Note
-------+----------+-------------------------------------------
     0 | D:1      | Engwar the Draconian Monk began the quest for the Orb.
     0 | D:1      | Reached XP level 1. HP: 19/19 MP: 1/1
   378 | D:1      | Reached XP level 2. HP: 14/26 MP: 2/2
  1140 | D:2      | Reached XP level 3. HP: 33/33 MP: 3/3
  1992 | D:3      | Reached skill level 4 in Long Blades
  2251 | D:3      | Reached XP level 4. HP: 40/40 MP: 4/4
  2264 | D:3      | Noticed Engwar's ghost (amateur DrMo)
  2693 | D:4      | Noticed an ogre
  2824 | D:4      | Killed an ogre
  2824 | D:4      | Reached XP level 5. HP: 19/46 MP: 5/5
  3009 | D:4      | Found a runed door.
  3013 | D:4      | Noticed Crazy Yiuf
  3032 | D:4      | Killed Crazy Yiuf
  3032 | D:4      | Reached skill level 5 in Long Blades
  3114 | D:4      | Noticed a slave
  3114 | D:4      | Noticed a slave
  3140 | D:3      | Killed Engwar's ghost
  3140 | D:3      | Reached XP level 6. HP: 29/53 MP: 6/6
  3283 | D:4      | Found a glowing silver altar of Zin.
  3286 | D:4      | Noticed a slave
  3341 | D:4      | Noticed Pikel
  3373 | D:4      | Noticed a slave
  3485 | D:4      | Noticed Sigmund
  3584 | D:4      | Found a staircase to the Ecumenical Temple.
  3598 | Temple   | Entered the Ecumenical Temple
  3701 | Temple   | Became a worshipper of Warmaster Okawaru
  3701 | Temple   | Reached * piety under Okawaru
  3701 | Temple   | Reached ** piety under Okawaru
  3794 | D:4      | Killed a slave
  3829 | D:5      | Entered Level 5 of the Dungeon
  4096 | D:5      | Reached skill level 5 in Fighting
  4564 | D:4      | Reached skill level 1 in Invocations
  4701 | D:4      | Your scales start taking on an icy white colour.
  4701 | D:4      | Reached XP level 7. HP: 32/61 MP: 7/7
  4701 | D:4      | Gained mutation: Your flesh is cold resistant. (rC+) [White Draconian growth]
  4862 | D:4      | Noticed Kriby's ghost (amateur OpWz)
  5090 | D:5      | Reached skill level 6 in Long Blades
  5272 | D:5      | Killed Sigmund
  5754 | D:6      | Gained mutation: Scrolls take you a little longer to read. [potion of mutation]
  5754 | D:6      | Gained mutation: Your spells are a little harder to cast, but a little more powerful. [potion of mutation]
  5755 | D:6      | Lost mutation: Your spells are a little harder to cast, but a little more powerful. [potion of mutation]
  5755 | D:6      | Lost mutation: Scrolls take you a little longer to read. [potion of mutation]
  5755 | D:6      | Gained mutation: You are frail. (-10% HP) [potion of mutation]
  5755 | D:6      | Gained mutation: You expend magic power (3 MP) to strengthen your wands. [potion of mutation]
  5755 | D:6      | Gained mutation: You have a pair of small antennae on your head. [potion of mutation]
  5756 | D:6      | Lost mutation: You expend magic power (3 MP) to strengthen your wands. [potion of mutation]
  5756 | D:6      | Lost mutation: You are frail. (-10% HP) [potion of mutation]
  5756 | D:6      | Lost mutation: You have a pair of small antennae on your head. [potion of mutation]
  5756 | D:6      | Gained mutation: You are frail. (-10% HP) [potion of mutation]
  5756 | D:6      | Gained mutation: Your tail ends in a poisonous barb. [potion of mutation]
  5756 | D:6      | Lost mutation: You are frail. (-10% HP) [potion of mutation]
  5800 | D:6      | Noticed Prince Ribbit
  5977 | D:6      | Reached XP level 8. HP: 33/70 MP: 7/9
  6049 | D:6      | Reached *** piety under Okawaru
  6049 | D:6      | Reached skill level 1 in Shields
  6221 | D:6      | Reached skill level 7 in Long Blades
  6265 | D:6      | Killed Prince Ribbit
  6862 | D:6      | Reached **** piety under Okawaru
  7040 | D:6      | Reached skill level 8 in Long Blades
  7299 | D:7      | Reached XP level 9. HP: 57/79 MP: 12/12
  7866 | D:7      | Reached ***** piety under Okawaru
  7866 | D:7      | Reached skill level 9 in Long Blades
  8447 | D:7      | Learned a level 1 spell: Magic Dart
  8450 | D:7      | Learned a level 2 spell: Blink
  8454 | D:7      | Learned a level 3 spell: Conjure Flame
  8467 | D:7      | Got a bloodstained falchion
  8468 | D:7      | Identified the +9 falchion of Eternal Vigilance {slice, +Blink rF- rC+++ Dex-2} (You found it on level 7 of the Dungeon)
  8634 | D:7      | Found a burning altar of Makhleb.
  8929 | D:8      | Found a sand-covered staircase.
  9064 | D:4      | Killed Kriby's ghost
  9064 | D:4      | Received a gift from Okawaru
  9064 | D:4      | Reached skill level 1 in Evocations
  9067 | D:4      | Got a transparent buckler {god gift}
  9078 | D:4      | Identified the +2 buckler of Joupel {Str+3 Int-3 Dex+6} (Okawaru gifted it to you on level 4 of the Dungeon)
  9360 | D:4      | Killed Pikel
  9360 | D:4      | Reached skill level 10 in Long Blades
  9360 | D:4      | Reached XP level 10. HP: 66/88 MP: 13/13
  9388 | D:4      | Reached skill level 5 in Invocations
  9640 | D:8      | Learned a level 3 spell: Mephitic Cloud
  9798 | D:8      | Noticed a two-headed ogre
  9809 | D:8      | Killed a two-headed ogre
 10038 | D:8      | Found a roughly hewn altar of Beogh.
 10724 | D:8      | Reached skill level 11 in Long Blades
 10782 | D:9      | Found a staircase to the Lair.
 11062 | D:9      | Noticed a cyclops
 11350 | D:9      | Noticed Erolcha
 11362 | D:9      | Identified Sif Muna's Almanac of Stones and Transformation
 11439 | Lair:1   | Entered Level 1 of the Lair of Beasts
 11462 | Lair:1   | Reached skill level 1 in Air Magic
 11462 | Lair:1   | Reached XP level 11. HP: 46/97 MP: 15/15
 11470 | Lair:1   | Reached skill level 1 in Conjurations
 11595 | Lair:1   | Reached skill level 1 in Spellcasting
 11606 | Lair:1   | Learned a level 3 spell: Ozocubu's Armour
 11709 | Lair:1   | Received a gift from Okawaru
 11793 | Lair:1   | Noticed a four-headed hydra
 11801 | Lair:1   | Killed a four-headed hydra
 11801 | Lair:1   | Reached skill level 1 in Charms
 11801 | Lair:1   | Reached skill level 1 in Ice Magic
 12251 | Lair:2   | Got a polished quarterstaff
 12306 | Lair:2   | Identified the +5 quarterstaff of the Valley of Death {freeze, Str+4 Int+5 Dex+7} (You found it on level 2 of the Lair of Beasts)
 12375 | Lair:2   | Reached ****** piety under Okawaru
 12581 | Lair:2   | Found a dark tunnel.
 12682 | Lair:2   | Found a staircase to the Snake Pit.
 12692 | Lair:2   | Reached skill level 12 in Long Blades
 13349 | Lair:3   | Reached skill level 10 in Fighting
 13445 | Lair:3   | Received a gift from Okawaru
 13523 | Lair:3   | Got a pair of crude boots {god gift}
 13534 | Lair:3   | Identified the +1 pair of boots "Ozxof" {rF++ rC+ Regen+} (Okawaru gifted it to you on level 3 of the Lair of Beasts)
 13544 | Lair:2   | Learned a level 4 spell: Throw Icicle
 13726 | Lair:2   | Reached XP level 12. HP: 64/107 MP: 17/17
 13847 | Lair:3   | Noticed a queen ant
 13882 | Lair:3   | Killed a queen ant
 13930 | Lair:3   | Reached skill level 5 in Ice Magic
 13964 | Lair:3   | Found a staircase to the Swamp.
 14119 | Lair:3   | Learned a level 3 spell: Regeneration
 14655 | Lair:4   | Reached skill level 13 in Long Blades
 14874 | Lair:4   | Received a gift from Okawaru
 15089 | Lair:4   | Reached skill level 5 in Spellcasting
 15144 | Lair:4   | Noticed an eight-headed hydra
 15246 | Lair:4   | Noticed a dire elephant
 15274 | Lair:4   | Killed a dire elephant
 15305 | Lair:4   | Killed an eight-headed hydra
 15397 | Lair:4   | Reached XP level 13. HP: 83/116 MP: 15/21
 15859 | Lair:4   | Reached skill level 14 in Long Blades
 16037 | Lair:5   | Found a viscous altar of Jiyva.
 16037 | Lair:5   | Found a staircase to the Slime Pits.
 16405 | Lair:4   | Received a gift from Okawaru
 16452 | Lair:4   | Reached skill level 5 in Dodging
 16627 | Lair:6   | Entered Level 6 of the Lair of Beasts
 16638 | Lair:6   | Found a labyrinth entrance.
 16688 | Lab      | Entered a labyrinth
 17327 | Lab      | Reached skill level 5 in Conjurations
 17369 | Lab      | Noticed a minotaur
 17378 | Lab      | Killed a minotaur
 17384 | Lab      | Identified the Collected Works on Feathery Attacks
 17513 | Lair:5   | HP: 3/117 [seven-headed hydra (12)]
 17513 | Lair:5   | Mangled by a seven-headed hydra

Vault maps used:
D:1:      arrival_zaba_pyramid, minmay_misc_feat_rugged
D:2:      kennysheep_cross_bottleneck
D:3:      minmay_misc_feat_cross
D:4:      nicolae_overflow_crystal_walls, temple_fountains,
          minmay_misc_feat_ornament, uniq_sigmund, uniq_pikel,
          uniq_crazy_yiuf_cottage
D:5:      first_bread, minmay_misc_feat_x
D:6:      uniq_prince_ribbit1
D:7:      serial_glass, glass_columns_a, glass_columns_b,
          minmay_strange_pillars, feat_on_display, feat_on_display, basic_altar,
          hangedman_decor_riveting
D:8:      enter_ossuary_1, special_room
D:9:      minmay_cut_squares, erik_lair_orcish_takeover, orc_0_dummy,
          uniq_erolcha
Temple:   kilobyte_greek_temple
Lair:1:   grunt_megastairs_1, serial_bayou_shore_a, serial_bayou_shore_b
Lair:2:   guppyfry_snake_entry_island, lightli_volcano_entry_magma_tube,
          lemuel_fruit_fields
Lair:3:   swamp_mist, minivault_29, grunt_megastairs_2, lemuel_fruit_fields
Lair:4:   beast_lair_carwin_large_1, bh_chokoban
Lair:5:   slime_altar_1, dpeg_oklob_1
Lair:6:   gammafunk_lair_ancient_temple, lab_entry_generic, uniq_kirke
Lab:      labyrinth_watery, nicolae_lab_statue, nicolae_lab_diamond,
          labyrinth_skeletal_remains, labyrinth_glass_1, nicolae_lab_x,
          labyrinth_baited_teleportation_trap, nicolae_lab_lava,
          nicolae_lab_arrow, nicolae_lab_grate_2, lab_statue

Skill      XL: |  1  2  3  4  5  6  7  8  9 10 11 12 13 |
---------------+----------------------------------------+-----
Stealth        | 2 |  2.7
Long Blades    | 4 5 6 8 10 11 12 13 14 | 14.0
Fighting       | 4 5 7 8 9 10 11 | 11.8
Dodging        | 3 4 5 |  5.5
Invocations    | 1 2 4 6 |  6.5
Shields        | 3 4 |  4.4
Evocations     | 2 4 |  4.2
Air Magic      | 1 |  1.3
Conjurations   | 2 4 5 |  5.3
Spellcasting   | 3 5 6 |  6.5
Charms         | 3 |  3.2
Ice Magic      | 4 6 7 |  7.3

Action                   |  1- 3 |  4- 6 |  7- 9 | 10-12 | 13-15 || total
-------------------------+-------+-------+-------+-------+-------++-------
Melee: Falchion          |    86 |   151 |   507 |   808 |   204 ||  1756
       Tailslap          |    14 |    19 |    64 |   151 |    38 ||   286
 Fire: Blowgun           |       |    13 |     6 |     3 |       ||    22
 Cast: Ozocubu's Armour  |       |       |       |    15 |    11 ||    26
       Throw Icicle      |       |       |       |     7 |    11 ||    18
       Magic Dart        |       |       |       |     2 |    13 ||    15
       Conjure Flame     |       |       |       |       |     2 ||     2
Invok: Heroism           |       |       |     2 |     1 |       ||     3
 Abil: Breathe Frost     |       |       |    17 |    18 |     5 ||    40
       Evoke Blink       |       |       |       |       |     1 ||     1
Evoke: Wand              |       |       |     1 |     6 |     1 ||     8
  Use: Scroll            |     2 |     9 |    10 |    10 |     8 ||    39
       Potion            |       |     1 |     8 |     1 |     5 ||    15
 Stab: Sleeping          |     8 |       |     6 |    16 |     2 ||    32
       Distracted        |       |       |     1 |     1 |     1 ||     3
  Eat: Chunk             |     4 |     7 |    14 |    26 |    10 ||    61
       Fruit             |       |     1 |     3 |     1 |     7 ||    12
       Royal jelly       |       |       |     1 |       |     1 ||     2
Armor: Skin              |    27 |    50 |   129 |   175 |    59 ||   440
Dodge: Dodged            |    67 |   109 |   253 |   408 |    98 ||   935
Block: Buckler           |       |       |    75 |   231 |    44 ||   350
       Rpst.: Falchion   |    24 |    38 |    69 |   122 |    31 ||   284
